AoeStats
← Ca-Bling

Black Forest

509716184Analyzed
2v2 RM · 3d ago on Sep 27, 2026· 44m 42s· 4 players
Game mode
Random Map
Map size
Medium (4 player)
Population
200
Speed
Normal
Resources
Standard
Victory
Conquest
Starting age
Dark Age
Ending age
Imperial Age
RankedLock teamsTeams togetherTeam positionsShared explorationLock speedFull tech treeHidden civsTurbo modeCheats
Victory
Defeat
🇩🇪 Turks · Germany
1137
+16
🇩🇪 Teutons · Germany
1048
+21
🇸🇪 Tupi · Sweden
1158
-19
🇸🇪 Dravidians · Sweden
1125
-18
doo
3:14 Loom
11:55 Feudal Age
16:31 Castle Age
15:17 Double-Bit Axe
16:24 Town Watch
16:23 Horse Collar
17:01 Gold Mining
19:36 Bow Saw
23:52 Heavy Plow
26:51 Gambesons
27:33 Pikeman
35:08 Imperial Age
33:45 Forging
33:36 Scale Mail Armor
33:41 Scale Barding Armor
34:45 Fletching
34:55 Padded Archer Armor
35:31 Iron Casting
35:59 Chain Mail Armor
36:46 Wheelbarrow
36:17 Town Patrol
38:03 Chemistry
38:55 Halberdier
39:30 Stone Mining
41:10 Ballistics
41:23 Bodkin Arrow
41:59 Plate Mail Armor
42:29 Blast Furnace
41:43 Heavy Scorpion
41:50 Onager
42:34 Arson
43:35 Crenellations
43:36 Conscription
43:52 Hoardings
45:11 Fortified Wall
Nici
1:18 Loom
12:13 Feudal Age
16:05 Castle Age
14:05 Double-Bit Axe
14:24 Horse Collar
17:11 Bow Saw
26:51 Wheelbarrow
31:51 Imperial Age
29:08 Town Watch
30:40 Hand Cart
31:18 Gold Mining
31:18 Stone Mining
31:53 Caravan
32:01 Padded Archer Armor
32:07 Scale Barding Armor
32:13 Forging
33:02 Conscription
33:12 Bloodlines
33:03 Husbandry
33:29 Leather Archer Armor
33:05 Fletching
33:35 Fortified Wall
33:46 Ballistics
34:56 Two-Man Saw
33:58 Heavy Plow
34:48 Gold Shaft Mining
35:35 Artillery
36:13 Elite Janissary
37:20 Town Patrol
38:20 Ring Archer Armor
37:41 Heavy Camel Rider
41:12 Iron Casting
42:29 Treadmill Crane
42:44 Murder Holes
43:00 Masonry
44:21 Chain Barding Armor
45:01 Blast Furnace
43:56 Bodkin Arrow
Wendel.
1:18 Loom
10:50 Feudal Age
11:34 Double-Bit Axe
17:30 Castle Age
31:30 Imperial Age
30:07 Town Watch
30:58 Wheelbarrow
32:14 Ballistics
32:57 Hand Cart
32:34 Fletching
33:29 Conscription
34:46 Curare
34:57 Bodkin Arrow
35:02 Padded Archer Armor
35:41 Treadmill Crane
37:01 Elite Skirmisher
37:59 Leather Archer Armor
39:48 Chemistry
38:58 Bracer
39:29 Ring Archer Armor
42:16 Pikeman
42:57 Squires
42:42 Arson
Ca-Bling
1:26 Loom
12:30 Feudal Age
13:14 Horse Collar
18:16 Castle Age
16:20 Double-Bit Axe
20:24 Man-at-Arms
20:51 Gambesons
23:25 Wheelbarrow
22:41 Town Watch
22:21 Long Swordsman
24:57 Heavy Plow
25:09 Bow Saw
26:44 Hand Cart
28:16 Scale Mail Armor
28:27 Forging
34:10 Imperial Age
31:40 Gold Mining
31:44 Stone Mining
33:52 Iron Casting
33:32 Chain Mail Armor
33:25 Squires
33:13 Arson
33:52 Elite Skirmisher
36:03 Fletching
36:14 Padded Archer Armor
37:14 Blast Furnace
36:46 Plate Mail Armor
37:52 Two-Man Saw
36:38 Two-Handed Swordsman
38:07 Ballistics
38:48 Chemistry
37:48 Bodkin Arrow
38:08 Leather Archer Armor
37:47 Champion
41:10 Bracer
Connection lost

Rejoining the realm…

Still unreachable

The connection could not be restored.

Session expired

The server has moved on; the page needs a fresh start.